 Dungeon Crawl Stone Soup version 0.20-a0-839-gdaf5c57 (webtiles) character file.

9 4thArraOfDagon the Skirmisher (level 2, 1/23 HPs)
             Began as a Mummy Wanderer on Mar 8, 2017.
             Quit the game on level 7 of the Dungeon.
             The game lasted 00:02:17 (461 turns).

4thArraOfDagon the Skirmisher (Mummy Wanderer)       Turns: 461, Time: 00:02:18

Health: 1/23       AC:  3    Str: 16    XL:     2   Next: 6%
Magic:  2/2        EV: 11    Int: 10    God:
Gold:   59         SH:  0    Dex: 11    Spells: 0/1 levels left

rFire    x . .     SeeInvis .   a - +2 short sword
rCold    + . .     Gourm    .   c - +0 robe
rNeg     + + +     Faith    .   (no shield)
rPois    ∞         Spirit   .   (no helmet)
rElec    .         Reflect  .   g - +0 cloak
rCorr    .         Harm     .   (no gloves)
MR       .....                  (no boots)
Stlth    +.........             (no amulet)
Regen    0.1/turn               (no ring)
MPRegen  0.1/turn               i - ring of loudness (curse)

@: no status effects
A: no food or potions, fire vulnerability, cold resistance 1, negative energy
resistance 3, torment resistance, unbreathing
a: no special abilities


You were on level 7 of the Dungeon.
You were not hungry.

You visited 2 branches of the dungeon, and saw 8 of its levels.

You collected 59 gold pieces.

Inventory:

Hand Weapons
 a - a +2 short sword (weapon)
 d - a +0 dagger
 h - a +0 long sword
 j - a +0 blowgun
 k - a +0 arbalest
Armour
 c - a +0 robe (worn)
 g - a +0 cloak (worn)
Jewellery
 i - a cursed ring of loudness (left hand)
Wands
 e - a wand of polymorph (2/24)
Scrolls
 f - a scroll of amnesia


   Skills:
 + Level 2.7 Fighting
 - Level 1.5 Short Blades
 + Level 0.1(1.0) Long Blades
   Level 1.0 Bows
 - Level 1.0 Armour
 - Level 1.0 Dodging
 - Level 1.5 Stealth
   Level 1.0 Shields


You couldn't memorise any spells.
You knew the following spells:

 Your Spells              Type           Power        Failure   Level  Hunger
a - Apportation           Tloc           #.....       38%         1    N/A

Dungeon Overview and Level Annotations

Branches:
Dungeon (7/15)             Temple (1/1) D:6

Altars:
Ashenzari
Fedhas
Gozag
Nemelex Xobeh
Okawaru
Ru
Vehumet
Wu Jian
Yredelemnul
Zin

Annotations:
D:7 Duvessa


Innate Abilities, Weirdness & Mutations

You do not eat or drink.
Your flesh is vulnerable to fire.
You are immune to poison.
Your flesh is cold resistant. (rC+)
You are immune to negative energy. (rN+++)
You are immune to unholy pain and torment.
You can survive without breathing.


Message History

Press: ? - help, Shift-Dir - straight line, f - bullfrog
Aim: a bullfrog (chance to defeat MR: 46%)
The bullfrog resists with some effort.
Evoking this partially-identified wand wasted a few charges.
As you read the scroll of teleportation, it crumbles to dust.
You feel strangely unstable. The bullfrog barely misses you.
Unknown command.
Unknown command.
Your surroundings suddenly seem different.
Duvessa, Sister of Dowan comes into view.
She is wielding a short sword.
Duvessa shouts!
A bullfrog comes into view.
The bullfrog croaks.
You hear a loud, deep croak!
Found a robe and a scroll labeled WOEBOD MUAGIAPN.
A bullfrog comes into view.
The bullfrog hits you!
* * * LOW HITPOINT WARNING * * *
The bullfrog barely misses you.
Unknown command.
Are you sure you want to abandon this character and quit the game? (Confirm with "yes".)

..........####
.............#
.............#
.............#
....e........#
.............###
...............#
.........F@..#
...F....######
.[......#
.....#### .....
?... ... ...


You could see Duvessa and 2 bullfrogs.

Vanquished Creatures
  A giant cockroach (D:5)
  2 hobgoblins (D:1)
  2 jackals (D:1)
  A kobold (D:2)
  A bat (D:1)
  A frilled lizard (D:5)
8 creatures vanquished.

Notes
Turn   | Place    | Note
-------+----------+-------------------------------------------
     0 | D:1      | 4thArraOfDagon the Mummy Wanderer began the quest for the Orb.
     0 | D:1      | 4thArraOfDagon set off with: a +2 short sword, 2 scrolls of teleportation, a +0 robe, a +0 dagger
     0 | D:1      | Reached XP level 1. HP: 16/16 MP: 1/1
   179 | D:4      | Noticed a scorpion
   184 | D:5      | Entered Level 5 of the Dungeon
   204 | D:5      | Reached XP level 2. HP: 19/23 MP: 2/2
   257 | D:6      | Found a staircase to the Ecumenical Temple.
   268 | Temple   | Entered the Ecumenical Temple
   347 | D:6      | Noticed a sky beast
   396 | D:7      | Noticed a centaur
   445 | D:7      | Learned a level 1 spell: Apportation
   452 | D:7      | Noticed a bullfrog
   457 | D:7      | Noticed Duvessa
   457 | D:7      | Noticed a bullfrog
   458 | D:7      | Noticed a bullfrog
   458 | D:7      | HP: 1/23 [bullfrog (8)]
   461 | D:7      | Quit the game

Vault maps used:
D:1:      mainiacjoe_arrival_reflecting_pool
D:2:      minmay_wonky_spiral, nicolae_overflow_crystal_walls,
          nicolae_overflow_hidden_temple, lemuel_coloured_pillars_altar
D:3:      old_standard_altar, uniq_grinder
D:4:      first_bread
D:5:      lemuel_doored_altar, brannock_xom_greatest_gift,
          gup_sewer_entry_glass, st_stairs_4
D:6:      gammafunk_temple_overflow_statue, minmay_temple_entry_glassed_door
D:7:      kb_forest_paths, uniq_menkaure, uniq_duvessa
Temple:   chequers_temple_sunken

Action                   || total
-------------------------++-------
Melee: Short sword       ||    40
Evoke: Wand              ||     2
  Use: Scroll            ||     4
Armor: Robe              ||    14
Dodge: Dodged            ||    22
